 Dungeon Crawl Stone Soup version 0.23-a0-301-g9da9e51 (webtiles) character file.

567 Gildeon the Chopper (level 7, -4/61 HPs)
             Began as a Minotaur Fighter on Oct 7, 2018.
             Was a Follower of Makhleb.
             Killed by divine providence
             ... invoked by an orc priest
              (13 damage)
             ... on level 5 of the Dungeon.
             The game lasted 00:09:46 (3071 turns).

Gildeon the Chopper (Minotaur Fighter)              Turns: 3071, Time: 00:09:47

Health: -4/61      AC: 12    Str: 22    XL:     7   Next: 11%
Magic:  6/6        EV:  5    Int:  5    God:    Makhleb [*.....]
Gold:   196        SH: 10    Dex: 10    Spells: 6/6 levels left

rFire    . . .     SeeInvis .   a - +0 war axe
rCold    . . .     Gourm    .   c - +0 shield
rNeg     . . .     Faith    .   i - +0 plate armour
rPois    +         Spirit   .   (helmet restricted)
rElec    .         Reflect  .   (no cloak)
rCorr    .         Harm     .   (no gloves)
MR       .....                  (no boots)
Stlth    ..........             (no amulet)
HPRegen  0.20/turn              k - ring of poison resistance
MPRegen  0.10/turn              (no ring)

@: marked
A: retaliatory headbutt, horns 2
a: Renounce Religion


You were on level 5 of the Dungeon.
You worshipped Makhleb.
Makhleb was aware of your devotion.
You were hungry.

You visited 2 branches of the dungeon, and saw 6 of its levels.

You collected 196 gold pieces.

Inventory:

Hand Weapons
 a - a +0 war axe (weapon)
 h - a +0 flail
Armour
 c - a +0 shield (worn)
 i - a +0 plate armour (worn)
Jewellery
 k - a ring of poison resistance (left hand)
Scrolls
 e - a scroll of remove curse
 j - a scroll of fear
 n - a scroll of random uselessness {unknown}
 o - a scroll of teleportation
Potions
 d - a potion of haste
 g - a potion of heal wounds
 l - 6 potions of curing
 m - a potion of mutation {unknown}
 p - a potion of degeneration {unknown}
Comestibles
 b - 5 chunks of flesh
 f - 4 rations


   Skills:
 - Level 5.0 Fighting
 * Level 5.8 Axes
 - Level 5.0 Armour
 + Level 3.1 Dodging
 + Level 5.1 Shields
 + Level 0.7 Invocations


You had 6 spell levels left.
You didn't know any spells.
Your spell library was empty.

Dungeon Overview and Level Annotations

Branches:
Dungeon (5/15)             Temple (1/1) D:4

Altars:
Ashenzari
Cheibriados
Dithmenos
Elyvilon
Fedhas
Gozag
Hepliaklqana
Kikubaaqudgha
Makhleb
Nemelex Xobeh
Okawaru
Qazlal
Ru
Sif Muna
Uskayaw
Vehumet
Wu Jian
Xom
Yredelemnul
Zin
The Shining One


Innate Abilities, Weirdness & Mutations

You reflexively headbutt those who attack you in melee.
You have a pair of horns on your head.


Message History

Pain shoots through your body! You block the hound skeleton's attack.
The crimson imp blinks!
The orc moves out of view.
You closely miss the orc priest.
The orc priest is almost dead.
Your shield and plate armour prevent you from hitting the hound skeleton.
The hound skeleton bites you but does no damage.
You block the orc priest's attack.
The hound skeleton bites you but does no damage.
Unknown command.
You hit the orc priest.
The orc priest is almost dead.
You hit the hound skeleton.
The orc priest mumbles some strange prayers to Beogh against you.
Pain shoots through your body!
* * * LOW HITPOINT WARNING * * *
The hound skeleton barely misses you. You furiously retaliate!
You headbutt the hound skeleton.
The orc priest mumbles some strange prayers to Beogh against you.
Beogh smites you!
You die...

...#.#..# #..##...
........###..##.####.
...##'##.............
. #8.8##............
.....##.......5...
.....8##.........
.......##....#.##.
......o8#5........
..)....@Zo5..<....
.......8#l#....##.
.......##.#..$.#
.....8# #.#....#
.....# #.#....# #8.8#
..w...... ##+#
.......## ..


You could see an orc priest, a crimson imp, 2 shadow imps, an orc, a frilled
lizard and a hound skeleton.

Vanquished Creatures
  Sigmund (D:2)
  A centaur (D:5)
  A water moccasin skeleton (D:5)
  3 orc wizards
  A worker ant (D:5)
  A hound skeleton (D:4)
  6 adders
  An ooze (D:3)
  An adder skeleton (D:4)
  4 worms
  A dart slug (D:3)
  5 leopard geckos
  11 orcs
  A ball python (D:3)
  3 giant cockroaches
  3 hobgoblins (D:3)
  8 jackals
  14 kobolds
  A quokka (D:3)
  A ball python skeleton (D:4)
  7 bats
  6 frilled lizards
  4 goblins
  2 jackal skeletons (D:4)
  7 rats
  A bush (D:2)
95 creatures vanquished.

Notes
Turn   | Place    | Note
-------+----------+-------------------------------------------
     0 | D:1      | Gildeon the Minotaur Fighter began the quest for the Orb.
     0 | D:1      | Reached XP level 1. HP: 19/19 MP: 0/0
   573 | D:2      | Reached XP level 2. HP: 27/27 MP: 1/1
   977 | D:2      | Reached skill level 1 in Dodging
   977 | D:2      | Reached XP level 3. HP: 33/33 MP: 2/2
  1119 | D:2      | Noticed Sigmund
  1168 | D:2      | Killed Sigmund
  1168 | D:2      | Reached XP level 4. HP: 30/41 MP: 3/3
  1168 | D:2      | Reached XP level 5. HP: 35/47 MP: 4/4
  1524 | D:3      | Found a shadowy altar of Dithmenos.
  1637 | D:3      | Found a burning altar of Makhleb.
  1643 | D:3      | Became a worshipper of Makhleb the Destroyer
  1690 | D:3      | Reached XP level 6. HP: 53/53 MP: 5/5
  1963 | D:3      | Reached skill level 5 in Axes
  1964 | D:3      | Found a sacrificial altar of Ru.
  1964 | D:3      | Found a hazy altar of Hepliaklqana.
  2235 | D:4      | Reached * piety under Makhleb
  2677 | D:4      | Found a staircase to the Ecumenical Temple.
  2686 | Temple   | Entered the Ecumenical Temple
  2909 | D:5      | Entered Level 5 of the Dungeon
  2915 | D:5      | Reached skill level 5 in Fighting
  2915 | D:5      | Reached skill level 5 in Shields
  2930 | D:5      | Reached skill level 5 in Armour
  2930 | D:5      | Reached XP level 7. HP: 40/61 MP: 6/6
  3071 | D:5      | Killed from afar by an orc priest

Vault maps used:
D:1:      dpeg_arrival_rooms_c, serial_forest, infiniplex_forest_lined_2,
          infiniplex_forest_zigzag_2, infiniplex_forest_clump_medium,
          infiniplex_forest_lined_room_2, infiniplex_forest_side_room,
          infiniplex_forest_lined_3, st_stairs_7
D:2:      lexackson_kobold_supper, uniq_sigmund
D:3:      grunt_dithmenos_smoke_and_mirrors, gammafunk_temple_overflow_elements,
          lemuel_tele_altar
D:4:      lemuel_temple_firewalk_b, serial_curves, eino_curves_04,
          eino_curves_02, eino_curves_03, eino_curves_01
D:5:      serial_shops, shop, first_ration, dk_noncrumbling_4,
          hangedman_decor_slide_cut, uniq_edmund
Temple:   compressed_dpeg_circular_temple

Skill      XL: |  1  2  3  4  5  6 |
---------------+-------------------+-----
Axes           | 3 4 5 |  5.8
Dodging        | 1 2 3 |  3.1
Fighting       | 4 5 |  5.0
Shields        | 4 5 |  5.1
Armour         | 4 5 |  5.0
Invocations    | |  0.7

Action                   |  1- 3 |  4- 6 |  7- 9 || total
-------------------------+-------+-------+-------++-------
Melee: War axe           |    86 |   197 |    24 ||   307
       Headbutt          |    14 |    30 |     5 ||    49
  Use: Scroll            |     6 |     4 |       ||    10
       Potion            |     2 |       |       ||     2
  Eat: Chunk             |     1 |     5 |     1 ||     7
Armor: Plate armour      |    58 |   121 |    12 ||   191
       Scale mail        |     1 |       |       ||     1
Dodge: Dodged            |    18 |    38 |     7 ||    63
Block: Shield            |    50 |   102 |    15 ||   167

Table legend:
 A = Non-vault XP
 B = Vault XP
 C = Vault XP percentage of total XP
 D = Non-vault monster count
 E = Vault monster count
 F = Vault count percentage of total count
                 A         B        C        D         E       F
            +---------+---------+-------+---------+---------+-------
      Total |     580 |     230 |  28.4 |      84 |      10 |  10.6
            +---------+---------+-------+---------+---------+-------
        D:1 |       9 |       2 |  18.2 |       7 |       1 |  12.5
        D:2 |      43 |     228 |  84.1 |      14 |       9 |  39.1
        D:3 |     151 |       0 |   0.0 |      36 |       0 |   0.0
        D:4 |     144 |       0 |   0.0 |      18 |       0 |   0.0
        D:5 |     233 |       0 |   0.0 |       9 |       0 |   0.0
            +---------+---------+-------+---------+---------+-------
